 Dungeon Crawl Stone Soup version 0.28-a0-224-g76b539d98b (webtiles) character file.

Game seed: 13385815728524105891

693 frimble the Skirmisher (level 7, 0/64 HPs)
             Began as a Minotaur Brigand on Aug 21, 2021.
             Slain by Pikel (2 damage)
             ... on level 4 of the Dungeon.
             The game lasted 00:07:20 (5758 turns).

frimble the Skirmisher (Minotaur Brigand)           Turns: 5758, Time: 00:07:21

Health: 0/64       AC:  5    Str: 16    XL:     7   Next: 37%
Magic:  6/6        EV: 11    Int: 10    God:
Gold:   152        SH:  0    Dex: 11    Spells: 5/6 levels left

rFire   . . .      SeeInvis .   a - +2 dagger (vorpal)
rCold   . . .      Faith    .   (no shield)
rNeg    . . .      Spirit   .   b - +0 robe
rPois   .          Reflect  .   (helmet restricted)
rElec   .          Harm     .   c - +1 cloak
rCorr   .          Rampage  .   q - +0 pair of gloves
Will    .....                   (no boots)
Stlth   ++........              (no amulet)
HPRegen 0.20/turn               (no ring)
MPRegen 0.10/turn               (no ring)

@: very slightly contaminated, invisible
A: horns 2, retaliatory headbutt
a: no special abilities


You were on level 4 of the Dungeon.
You visited 1 branch of the dungeon, and saw 5 of its levels.

You collected 224 gold pieces.
You spent 72 gold pieces at shops.

Inventory:

Hand Weapons
 a - a +2 vorpal dagger (weapon)
 n - a +0 long sword
Missiles
 d - 21 poisoned darts
 e - 2 curare-tipped darts
 h - 4 boomerangs (quivered)
Armour
 b - a +0 robe (worn)
 c - a +1 cloak (worn)
 q - a +0 pair of gloves (worn)
Scrolls
 k - 2 scrolls of fog
 p - a scroll of identify
Potions
 g - 3 potions of might {unknown}
 i - a potion of ambrosia {unknown}
 j - 2 potions of mutation {unknown}
 l - 2 potions of cancellation {unknown}
 m - a potion of curing
 o - a potion of heal wounds {unknown}


   Skills:
 + Level 6.5 Fighting
 + Level 5.9(6.5) Short Blades
 + Level 4.3(6.0) Long Blades
 - Level 2.0 Throwing
 - Level 1.1 Dodging
 - Level 3.2 Stealth


You had 5 spell levels left.
You knew the following spells:

 Your Spells              Type           Power      Damage    Failure   Level
a - Apportation           Tloc           0%         N/A       36%         1

Your spell library contained the following spells:

 Spells                   Type           Power      Damage    Failure   Level
 Animate Skeleton         Necr           0%         N/A       36%         1
 Corona                   Hex            0%         N/A       36%         1
 Summon Small Mammal      Summ           0%         N/A       36%         1
 Corpse Rot               Necr/Air       N/A        N/A       50%         2
 Poisonous Vapours        Pois/Air       0%         N/A       50%         2
 Freezing Cloud           Conj/Ice/Air   0%         6-21      100%        5


Dungeon Overview and Level Annotations

Branches:
Dungeon (5/15)
 Temple: D:4-7

Altars:
Dithmenos
Nemelex Xobeh
Okawaru
Ru
Sif Muna
Trog
Uskayaw
Zin
The Shining One

Shops:
D:2 !

Annotations:
D:4 Pikel


Innate Abilities, Weirdness & Mutations

You have a pair of horns on your head.
You reflexively headbutt those who attack you in melee.


Message History

Pikel hits you with a +1 whip of freezing.
Pikel freezes you.
You hit Pikel but do no damage. Your headbutt misses Pikel.
Pikel is moderately wounded.
You hit Pikel. You headbutt Pikel!
Pikel is heavily wounded.
Pikel closely misses you.
You hit Pikel but do no damage.
Pikel is heavily wounded.
Pikel hits you with a +1 whip of freezing.
Pikel freezes you.
You hit Pikel but do no damage. Your headbutt misses Pikel.
Pikel is heavily wounded.
You aren't carrying any items that you can evoke.
You fade into invisibility!
Pikel hits you with a +1 whip of freezing.
* * * LOW HITPOINT WARNING * * *
Pikel freezes you.
* * * LOW HITPOINT WARNING * * *
You are very lightly contaminated with residual magic.
You barely miss Pikel. Your headbutt misses Pikel.
Pikel is heavily wounded.
Pikel hits you but does no damage.
You closely miss Pikel.
Pikel is heavily wounded.
Pikel barely misses you. You furiously retaliate!
You headbutt Pikel. You hit Pikel but do no damage.
You headbutt Pikel, but do no damage.
Pikel is severely wounded.
You closely miss Pikel.
Pikel is severely wounded.
Pikel hits you with a +1 whip of freezing.
* * * LOW HITPOINT WARNING * * *
Pikel freezes you.
* * * LOW HITPOINT WARNING * * *
You closely miss Pikel.
Pikel is severely wounded.
Pikel hits you with a +1 whip of freezing.
* * * LOW HITPOINT WARNING * * *
Pikel freezes you.
You die...

###'###..........##............
#...#...#.>......##............
##...#...#......................
#......................)........
#...............(##.##..........
##....#.#........#..............
#....###........##..#.....##...
#....#.#...#.K...##........).)#
##............@...............#
##............[...............
#..........<...............##
##.....#...#.....##..##..#...
##.##.....##(...#......###.#
#...#....##................#
######..................#.......#
.........####..........##........
.#####..........#.......#......#.


You could see Pikel.

Vanquished Creatures
  Duvessa (D:5)
  A black bear (D:5)
  Dowan (D:5)
  A water moccasin skeleton (D:5)
  2 orc priests
  2 hounds (D:5)
  A bullfrog skeleton (D:4)
  A bullfrog zombie (D:5)
  A centaur skeleton (D:4)
  An iguana (D:5)
  A hound skeleton (D:4)
  2 adders (D:2)
  7 gnolls
  A white imp (D:4)
  A worm (D:3)
  A dart slug (D:3)
  2 orcs
  4 ball pythons
  10 bats
  6 endoplasms
  3 giant cockroaches
  6 goblins
  5 hobgoblins
  6 kobolds
  2 quokkas (D:1)
  2 frilled lizards
  6 rats
77 creatures vanquished.

Vanquished Creatures (others)
  A plant (D:1)
1 creature vanquished.

Grand Total: 78 creatures vanquished

Notes
Turn   | Place    | Note
-------+----------+-------------------------------------------
     0 | D:1      | frimble the Minotaur Brigand began the quest for the Orb.
     0 | D:1      | Reached XP level 1. HP: 18/18 MP: 0/0
   101 | D:1      | Found a faded altar of an unknown god.
   117 | D:1      | Reached XP level 2. HP: 23/25 MP: 1/1
   214 | D:1      | Reached skill level 3 in Fighting
  1023 | D:2      | Reached XP level 3. HP: 23/31 MP: 2/2
  1493 | D:2      | Found Beam's Distillery.
  1501 | D:2      | Bought 2 potions of curing for 72 gold pieces
  1761 | D:2      | HP: 1/33 [orc priest (5)]
  1769 | D:2      | Reached skill level 4 in Fighting
  1769 | D:2      | Reached XP level 4. HP: 14/40 MP: 3/3
  1988 | D:3      | Found a bloodstained altar of Trog.
  2501 | D:3      | Reached XP level 5. HP: 11/47 MP: 4/4
  2872 | D:3      | Found a hide-covered altar of Uskayaw.
  2885 | D:3      | Learned a level 1 spell: Apportation
  3065 | D:3      | Found a glowing golden altar of the Shining One.
  3106 | D:3      | Found a sacrificial altar of Ru.
  3246 | D:3      | Reached skill level 1 in Long Blades
  3290 | D:3      | Found a glowing silver altar of Zin.
  3515 | D:3      | Reached skill level 5 in Fighting
  3937 | D:4      | Found a shimmering blue altar of Sif Muna.
  4145 | D:4      | Found a sparkling altar of Nemelex Xobeh.
  4231 | D:4      | Found an iron altar of Okawaru.
  4276 | D:4      | Found a shadowy altar of Dithmenos.
  4420 | D:5      | Entered Level 5 of the Dungeon
  4420 | D:5      | Noticed a black bear
  4446 | D:5      | Reached XP level 6. HP: 45/56 MP: 5/5
  4514 | D:5      | Noticed Dowan
  4516 | D:5      | Noticed Duvessa
  4757 | D:5      | Reached skill level 5 in Short Blades
  5311 | D:5      | Killed Duvessa
  5312 | D:5      | Reached skill level 6 in Fighting
  5312 | D:5      | Reached XP level 7. HP: 40/63 MP: 6/6
  5317 | D:5      | Killed Dowan
  5700 | D:5      | Noticed Pikel
  5758 | D:4      | HP: 2/64 [Pikel (3)]
  5758 | D:4      | Slain by Pikel

Illustrated notes

Levels and vault maps discovered:
D:1:      dpeg_arrival_shrine, layout_loops_ring,
          shapermc_ecumenical_altar_mp_urbaneastern
D:2:      layout_rooms, serial_shops, nicolae_square_shop
D:3:      layout_basic, nicolae_uskayaw_murder_on_the_dancefloor,
          nicolae_tso_swordbearing_angel, trog_three_pillars_becter,
          nicolae_ru_path_of_blood, mainiacjoe_overflow_catwalk
D:4:      layout_cave_pools, nemelex_spade_bored_becter,
          nicolae_sif_muna_little_library, nicolae_dithmenos_the_darkroom,
          okawaru_ov_weapons_minmay
D:5:      layout_gridville, uniq_duvessa, uniq_sigmund, uniq_pikel

Skill      XL: |  1  2  3  4  5  6  7 |
---------------+----------------------+-----
Fighting       | 3 4 5 6 |  6.5
Short Blades   | 3 4 5 |  5.9
Long Blades    | 2 3 4 |  4.3
Throwing       | |  2.0
Dodging        | |  1.1
Stealth        | |  3.2

Action                   |  1- 3 |  4- 6 |  7- 9 || total
-------------------------+-------+-------+-------++-------
Melee: Dagger            |    95 |   179 |    24 ||   298
       Headbutt          |     8 |    41 |     4 ||    53
Throw: Dart              |     8 |    28 |     1 ||    37
       Boomerang         |       |       |     1 ||     1
  Use: Scroll            |     1 |     5 |       ||     6
       Potion            |     2 |       |     1 ||     3
 Stab: Sleeping          |     8 |     2 |     1 ||    11
Armor: Robe              |    26 |    24 |     6 ||    56
Dodge: Dodged            |    46 |    69 |     5 ||   120

Table legend: (Time is in decaauts)
 A = Elapsed time spent in this place.
 B = Non-inter-level travel time spent in this place.
 C = Inter-level travel time spent in this place.
 D = Time resting spent in this place.
 E = Time spent auto-exploring this place.
 F = Levels seen in this place.
 G = Mean time per level.
                   A        B        C        D        E       F      G
               +--------+--------+--------+--------+--------+-----+--------+
         Total |   5668 |   5459 |    209 |    389 |   4322 |   5 | 1133.6 |
       Dungeon |   5668 |   5459 |    209 |    389 |   4322 |   5 | 1133.6 |
               +--------+--------+--------+--------+--------+-----+--------+

Top non-repeatable levels by time:
     D:4: 1601 daAuts
     D:3: 1264 daAuts
     D:1: 972 daAuts
     D:2: 938 daAuts
     D:5: 892 daAuts
